 Dungeon Crawl Stone Soup version 0.17.1-3-g152610e (webtiles) character file.

504 DEFE the Sneak (level 6, -2/36 HPs)
             Began as a Deep Elf Fighter on May 4, 2016.
             Was an Initiate of Vehumet.
             Killed from afar by Dowan (20 damage)
             ... with a shard of ice
             ... on level 4 of the Dungeon.
             The game lasted 00:11:10 (5072 turns).

DEFE the Sneak (Deep Elf Fighter)                   Turns: 5072, Time: 00:11:10

Health: -2/36      AC:  6    Str: 13    XL:     6   Next: 96%
Magic:  10/10      EV: 11    Int: 15    God:    Vehumet [......]
Gold:   172        SH:  0    Dex: 14    Spells: 0 memorised, 8 levels left

rFire  . . .     SeeInvis .     l - +2 dagger (drain)
rCold  . . .     Clarity  .     b - +0 scale mail
rNeg   . . .     SustAt   .     (no shield)
rPois  +         Gourm    .     (no helmet)
rElec  .         Spirit   .     (no cloak)
rCorr  .         Warding  .     (no gloves)
rMut   .         Stasis   .     (no boots)
MR     .....                    (no amulet)
Stlth  ++........               (no ring)
                                m - ring of poison resistance

@: not resistant to hostile enchantments, unstealthy
A: no striking features
a: Renounce Religion


You were on level 4 of the Dungeon.
You worshipped Vehumet.
Vehumet was noncommittal.
You were not hungry.

You visited 2 branches of the dungeon, and saw 5 of its levels.

You collected 172 gold pieces.

Inventory:

Hand Weapons
 a - a +0 rapier
 l - a +2 dagger of draining (weapon)
Missiles
 y - 3 tomahawks (quivered)
Armour
 b - a +0 scale mail (worn)
Jewellery
 m - a ring of poison resistance (left hand)
 w - an uncursed ring of fire
 A - an uncursed ring of fire
Scrolls
 d - a scroll of recharging {unknown}
 f - 4 scrolls of remove curse
 g - a scroll of teleportation {unknown}
 j - 2 scrolls of identify {unknown}
 k - a scroll of immolation {unknown}
 r - a scroll of amnesia {unknown}
 t - a scroll of enchant armour {unknown}
 u - 2 scrolls of random uselessness {unknown}
 z - a scroll of enchant weapon {unknown}
Potions
 c - 2 potions of brilliance {unknown}
 h - 2 potions of curing
 o - a potion of beneficial mutation {unknown}
 p - a potion of agility {unknown}
 q - a potion of flight {unknown}
 s - a potion of berserk rage {unknown}
 v - a potion of cancellation {unknown}
 x - 2 potions of ambrosia {unknown}
Comestibles
 e - 3 bread rations
 n - a beef jerky


   Skills:
 - Level 2.4 Fighting
 + Level 4.2 Short Blades
 - Level 2.4 Armour
 + Level 4.8 Dodging
 + Level 5.2 Stealth
   Level 2.4 Shields
 + Level 1.8 Spellcasting


You had 8 spell levels left.
You didn't know any spells.

Dungeon Overview and Level Annotations

Branches:
Dungeon (4/15)             Temple (1/1) D:4

Altars:
Cheibriados
Dithmenos
Fedhas
Kikubaaqudgha
Makhleb
Nemelex Xobeh
Ru
Trog
Vehumet
Xom
Yredelemnul
Zin
The Shining One

Annotations:
D:3 Goblin1989's ghost, weakling DsMo; Natasha
D:4 Dowan


Message History

Dowan hits you but does no damage.
You barely miss Dowan.
Dowan is heavily wounded.
Dowan barely misses you. The crimson imp misses you.
Your scale mail prevents you from hitting Dowan.
Dowan is heavily wounded.
Dowan closely misses you. The crimson imp hits you.
You closely miss Dowan.
Dowan is heavily wounded.
Dowan hits you with a falchion.
The crimson imp hits you but does no damage.
Your scale mail prevents you from hitting Dowan.
Dowan is heavily wounded.
Dowan hits you but does no damage.
The crimson imp blinks!
You barely miss Dowan.
Dowan is heavily wounded.
Dowan gestures at you while chanting. The shard of ice hits you!
Ouch! That really hurt!
You die...

### #.# .. #.# #. #######
####.#######. #.....#
#.<†...e..##. #.###.#
###.##.####.##. #.# #..
....##.###..##. #.###.#
######..##.##..############....5#
##.#8.8##.§@e...............
#....5........#########.###
###8.8#.#####.#########.# ##.##.#
#..........<# #... #############
#####


You could see Dowan and a crimson imp.

Vanquished Creatures
  Duvessa (D:4)
  A scorpion (D:4)
  A crimson imp (D:4)
  2 hounds
  3 worker ants (D:4)
  2 orc wizards (D:4)
  5 adders
  2 gnolls (D:1)
  An ooze (D:2)
  3 worms
  A giant gecko (D:1)
  4 orcs
  8 bats
  7 goblins
  10 hobgoblins
  2 jackals (D:3)
  3 quokkas
  4 giant cockroaches
  4 giant newts
  3 kobolds
  A quokka skeleton (D:4)
  11 rats
79 creatures vanquished.

Notes
Turn   | Place    | Note
--------------------------------------------------------------
     0 | D:1      | DEFE the Deep Elf Fighter began the quest for the Orb.
     0 | D:1      | Reached XP level 1. HP: 13/13 MP: 3/3
    43 | D:1      | Reached skill level 1 in Dodging
    43 | D:1      | Reached skill level 1 in Stealth
    43 | D:1      | Reached XP level 2. HP: 8/18 MP: 4/4
   432 | D:1      | Reached XP level 3. HP: 14/22 MP: 5/5
  1092 | D:2      | Found a shadowy altar of Dithmenos.
  1412 | D:2      | Reached XP level 4. HP: 25/27 MP: 6/6
  1506 | D:2      | Found a sacrificial altar of Ru.
  1554 | D:2      | Reached skill level 3 in Stealth
  1736 | D:2      | Found a blossoming altar of Fedhas.
  2081 | D:3      | Found a burning altar of Makhleb.
  2129 | D:3      | Noticed Goblin1989's ghost (weakling DsMo)
  2715 | D:3      | Reached XP level 5. HP: 22/31 MP: 7/7
  2802 | D:3      | Found a basalt altar of Yredelemnul.
  2929 | D:3      | Noticed Natasha
  3176 | D:4      | Noticed Dowan
  3227 | D:4      | Reached skill level 4 in Stealth
  3425 | D:4      | Reached XP level 6. HP: 10/36 MP: 8/8
  3689 | D:4      | Found a staircase to the Ecumenical Temple.
  3708 | Temple   | Entered the Ecumenical Temple
  3794 | Temple   | Became a worshipper of Vehumet
  4052 | D:4      | Noticed Duvessa
  4086 | D:4      | Killed Duvessa
  4086 | D:4      | Reached skill level 5 in Stealth
  4086 | D:4      | Reached skill level 1 in Spellcasting
  4395 | D:4      | Found a shimmering altar of Xom.
  5072 | D:4      | Killed from afar by Dowan

Action                   |  1- 3 |  4- 6 || total
-------------------------+-------+-------++-------
Melee: Rapier            |    65 |       ||    65
       Dagger            |    23 |   400 ||   423
Throw: Tomahawk          |       |     7 ||     7
  Use: Potion            |     1 |     1 ||     2
       Scroll            |       |     1 ||     1
 Stab: Sleeping          |       |     1 ||     1
  Eat: Chunk             |     1 |    10 ||    11
       Meat ration       |       |     1 ||     1
